 Dungeon Crawl Stone Soup version 0.28.0-47-ge53b351184 (webtiles) character file.

Game seed: 6785823003464719926

79 nickcage the Gusty (level 4, -4/24 HPs)
             Began as a Deep Elf Air Elementalist on May 10, 2022.
             Slain by Sigmund
             ... wielding a +0 scythe
              (8 damage)
             ... on level 3 of the Dungeon.
             The game lasted 00:04:30 (2322 turns).

nickcage the Gusty (Deep Elf Air Elementalist)      Turns: 2322, Time: 00:04:30

Health: -4/24      AC:  3    Str:  5    XL:     4   Next: 16%
Magic:  2/11       EV: 12    Int: 22    God:
Gold:   96         SH:  0    Dex: 15    Spells: 0/10 levels left

rFire   . . .      SeeInvis .   g - +0 whip
rCold   . . .      Faith    .   (no shield)
rNeg    . . .      Spirit   .   a - +0 robe
rPois   .          Reflect  .   (no helmet)
rElec   .          Harm     .   c - +0 cloak
rCorr   .          Rampage  .   (no gloves)
Will    .....                   (no boots)
Stlth   ++........              (no amulet)
HPRegen 0.08/turn               (no ring)
MPRegen 0.12/turn               (no ring)

@: no status effects
A: no striking features
a: no special abilities


You were on level 3 of the Dungeon.
You visited 1 branch of the dungeon, and saw 3 of its levels.

You collected 96 gold pieces.

Inventory:

Hand Weapons
 g - a +0 whip (weapon)
Armour
 a - a +0 robe (worn)
 c - a +0 cloak (worn)
Jewellery
 e - a ring of willpower
Scrolls
 b - a scroll of summoning {unknown}
 h - a scroll of brand weapon {unknown}
 i - a scroll of magic mapping {unknown}
 j - 3 scrolls of identify {unknown}
 m - a scroll of enchant armour {unknown}
 n - a scroll of amnesia {unknown}
Potions
 d - 2 potions of cancellation {unknown}
 f - a potion of might {unknown}
 k - a potion of lignification {unknown}
 l - a potion of curing {unknown}


   Skills:
 - Level 2.4 Dodging
 - Level 2.4 Stealth
 + Level 3.9 Spellcasting
 - Level 2.0 Conjurations
 * Level 4.3 Air Magic


You couldn't memorise any spells.
You knew the following spells:

 Your Spells              Type           Power      Damage    Failure   Level
a - Shock                 Conj/Air       72%        1d7       3%          1
b - Static Discharge      Conj/Air       18%        N/A       4%          2
c - Swiftness             Air            23%        N/A       5%          3
d - Airstrike             Air            11%        N/A       19%         4

Your spell library contained the following spells:

 Spells                   Type           Power      Damage    Failure   Level
 Gell's Gravitas          Tloc           4%         N/A       34%         3
 Inner Flame              Hex/Fire       4%         N/A       34%         3
 Teleport Other           Tloc           4%         N/A       34%         3
 Cause Fear               Hex            2%         N/A       75%         4
 Dispersal                Tloc           2%         N/A       100%        6
 Discord                  Hex            2%         N/A       100%        8


Dungeon Overview and Level Annotations

Branches:
Dungeon (3/15)

Altars:

Annotations:
D:3 1 transporter, Sigmund


Message History

The zap hits Sigmund.
Sigmund is heavily wounded.
The zap misses Sigmund.
Sigmund points at you and mumbles some strange words.
You resist with some effort.
The zap hits Sigmund.
Sigmund is heavily wounded.
Sigmund breathes a few words.
Sigmund's hands start flickering wildly.
The zap hits Sigmund.
Sigmund is severely wounded.
The zap hits Sigmund.
Sigmund is severely wounded.
Sigmund casts a spell at you.
You are confused.
You're too confused to cast spells.
Sigmund points at you and mumbles some strange words.
The puff of flame hits you!
You bump into the closed door.
You bump into the rock wall.
Sigmund hits you from afar with a +0 scythe!
* * * LOW HITPOINT WARNING * * *
You feel less confused.
Aiming: Shock (safe; 3% risk of failure)
Press: ? - help, Q - select action, (/) - cycle Shift-Dir - straight line, f/p - Sigmund
Aim: Sigmund, wielding a +0 scythe and wearing a +0 robe (severely wounded, 68% to hit)
The zap misses Sigmund.
Sigmund is suddenly surrounded by pale red light.
Sigmund misses you.
Aiming: Shock (safe; 3% risk of failure)
Press: ? - help, Q - select action, (/) - cycle Shift-Dir - straight line, f/p - Sigmund
Aim: Sigmund, wielding a +0 scythe and wearing a +0 robe (severely wounded, 68% to hit)
The zap misses Sigmund.
Aiming: Shock (safe; 3% risk of failure)
Press: ? - help, Q - select action, (/) - cycle Shift-Dir - straight line, f/p - Sigmund
Aim: Sigmund, wielding a +0 scythe and wearing a +0 robe (severely wounded, 68% to hit)
The zap hits Sigmund.
Sigmund is almost dead.
Sigmund hits you from afar with a +0 scythe!
You die...

............. .............
#+###.....#.# #............
#.........#.# #............
...........## ####### #
#.#.......#######.....#....
..#.............@.@........
####......###†.##+##.......
..#.....[.+...## #......
#.#.......#..## #...##
......####..## #..#
.......###..# ..#
.........#.## .#
.#.#.#.#.#.# # .....[...#.#


You could see Sigmund.

Vanquished Creatures
  Jessica (D:2)
  An adder (D:2)
  A worm (D:2)
  A dart slug (D:1)
  3 endoplasms
  A giant cockroach (D:2)
  A goblin (D:2)
  7 hobgoblins
  4 kobolds (D:2)
  A quokka (D:2)
  4 ball pythons
  4 bats
  4 frilled lizards
  5 rats
38 creatures vanquished.

Notes
Turn   | Place    | Note
-------+----------+-------------------------------------------
     0 | D:1      | nickcage the Deep Elf Air Elementalist began the quest for
                  | the Orb.
     0 | D:1      | Reached XP level 1. HP: 10/10 MP: 6/6
   478 | D:1      | Reached XP level 2. HP: 15/15 MP: 6/8
  1002 | D:1      | Learned a level 2 spell: Static Discharge
  1293 | D:2      | Reached XP level 3. HP: 19/19 MP: 2/9
  1370 | D:2      | Learned a level 3 spell: Swiftness
  1375 | D:2      | Reached skill level 4 in Air Magic
  1427 | D:2      | Noticed Jessica
  1429 | D:2      | Killed Jessica
  1799 | D:2      | Reached XP level 4. HP: 24/24 MP: 8/11
  1882 | D:2      | Found a faded altar of an unknown god.
  2229 | D:2      | Learned a level 4 spell: Airstrike
  2259 | D:3      | Found a transporter.
  2307 | D:3      | Noticed Sigmund
  2322 | D:3      | Slain by Sigmund

Illustrated notes

Levels and vault maps discovered:
D:1:      dpeg_arrival_court, layout_basic, minmay_crystal_room,
          minmay_misc_feat_five
D:2:      layout_loops_ring, hellmonk_ecumenical_altar_inner_sanctum,
          uniq_jessica
D:3:      layout_basic, gammafunk_temple_overflow_claw,
          mainiacjoe_overflow_brackets, serial_shops, shop,
          gammafunk_ghost_gnarly_gnolls, serial_co_window_serial,
          co_window_corner_a, co_window_paths_a, co_window_of_opportunity_a,
          co_window_paths_a, co_window_of_opportunity_a, co_window_corner_ca,
          co_window_broadway_b, co_window_cross_3, co_window_of_opportunity_b,
          co_window_of_opportunity_b, co_window_unsneaky_path_b,
          glass_columns_a, glass_columns_b, glass_columns_a, glass_columns_c,
          glass_columns_a, glass_columns_c, uniq_sigmund

Skill      XL: |  1  2  3 |
---------------+----------+-----
Air Magic      | 4 |  4.3
Conjurations   | 2 |  2.0
Dodging        | |  2.4
Stealth        | |  2.4
Spellcasting   | |  3.9

Action                   |  1- 3 |  4- 6 || total
-------------------------+-------+-------++-------
Melee: Unarmed           |     5 |       ||     5
 Cast: Shock             |    76 |    31 ||   107
Armor: Robe              |     3 |     2 ||     5
Dodge: Dodged            |    11 |     2 ||    13
